 Dungeon Crawl Stone Soup version 0.31-a0-232-gb1c03b2570 (webtiles) character file.

Game seed: 11700942749578650334

51 qw the Shooter (level 3, -3/21 HPs)
             Began as a Gargoyle Hexslinger on July 7, 2023.
             Slain by Terence
             ... wielding a +0 flail
              (11 damage)
             ... on level 2 of the Dungeon.
             The game lasted 00:00:34 (1067 turns).

qw the Shooter (Gargoyle Hexslinger)                Turns: 1067, Time: 00:00:35

Health: -3/21      AC:  6    Str: 11    XL:     3   Next: 83%
Magic:  4/4        EV:  8    Int: 13    God:
Gold:   64         SH:  0    Dex: 14    Spells: 3/4 levels left

rFire   . . .        Y - +1 sling
rCold   . . .        (no shield)
rNeg    + . .        i - +0 leather armour
rPois   inf          (no helmet)
rElec   +            (no cloak)
rCorr   .            (no gloves)
SInv    .            (no boots)
Will    .....        (no amulet)
Stlth   +            (no ring)
HPRegen 0.23/turn    (no ring)
MPRegen 0.09/turn

%: no passive effects
@: constricted
A: sickness immunity, AC +3, negative energy resistance 1, electricity
resistance, torment resistance 1, petrification resistance
a: no special abilities


You were on level 2 of the Dungeon.
You visited 1 branch of the dungeon, and saw 2 of its levels.

You collected 64 gold pieces.


Innate Abilities, Weirdness & Mutations

You are immune to sickness and miasma.
Your stone body is resilient. (AC +3)
You are immune to poison.
You resist negative energy. (rN+)
You are resistant to electric shocks. (rElec)
You are resistant to unholy torment.
You are immune to petrification.


   Skills:
 - Level 2.0 Fighting
 + Level 3.7 Ranged Weapons
 - Level 1.5 Dodging
 - Level 1.0 Spellcasting
 - Level 2.6 Hexes


You had 3 spell levels left.
You knew the following spells:

 Your Spells              Type           Power      Damage    Failure   Level
a - Slow                  Hex            28%        N/A       12%         1

Your spell library contained the following spells:

 Spells                   Type           Power      Damage    Failure   Level
 Inner Flame              Hex/Fire       4%         N/A       54%         3
 Portal Projectile        Hex/Tloc       8%         N/A       54%         3
 Cause Fear               Hex            3%         N/A       77%         4

Inventory:

Hand Weapons
 Y - a +1 sling (weapon)
Armour
 i - a +0 leather armour (worn)
Jewellery
 a - a +6 ring of strength
Potions
 d - 2 potions of resistance {unknown}
 e - a potion of degeneration {unknown}

Dungeon Overview and Level Annotations

Branches:
Dungeon (2/15)

Altars:
Makhleb

Annotations:
D:2 1 runed translucent door, Crazy Yiuf, Terence


Message History

Terence the Incautious comes into view.
He is wielding a +0 flail.
Enter note: You shoot a sling bullet.
Terence shouts!
The sling bullet hits Terence.
Terence is lightly wounded.
Enter note: You shoot a sling bullet.
The sling bullet hits Terence.
Terence is moderately wounded.
A ball python comes into view.
You shoot a sling bullet. The sling bullet hits Terence.
Terence is moderately wounded.
Terence closely misses you.
You shoot a sling bullet.
The sling bullet hits Terence but does no damage.
Terence is moderately wounded.
Terence hits you with a +0 flail. x2
You shoot a sling bullet.
The sling bullet completely misses Terence.
Terence barely misses you.
The ball python bites you but does no damage.
The ball python barely misses you.
You shoot a sling bullet. The sling bullet hits Terence!
Terence is severely wounded.
Terence hits you with a +0 flail.
The ball python bites you but does no damage.
The ball python closely misses you.
You shoot a sling bullet.
The sling bullet hits Terence but does no damage.
Terence is severely wounded.
The ball python bites you but does no damage.
The ball python grabs you. The ball python constricts you.
Terence shouts, "Get ready for death!"
Terence closely misses you. The ball python closely misses you.
The ball python constricts you.
You shoot a sling bullet.
The sling bullet barely misses the ball python.
Terence hits you with a +0 flail!
Ouch! That really hurt!
You die...

.. #####.########
#.....##............#
#......).##...#####.##
#.... #.............#
##.... #.#....#####..#
..... #..###.#####..#
#... #..# #.........
#.#..@###..###.#####..#
#...S@.#.#...## #..#
#.#...........# #..#
#..#####.#.## #...
..... #>#.# #..# #.###
#...# #..# # ##### ####
### 77##


You could see Terence and a ball python.

Vanquished Creatures
  A worm (D:2)
  A dart slug (D:1)
  4 ball pythons
  3 endoplasms
  A giant cockroach (D:1)
  6 goblins
  5 hobgoblins
  5 jackals (D:1)
  2 quokkas
  3 bats (D:1)
  3 frilled lizards
  2 kobolds (D:1)
  4 rats (D:1)
40 creatures vanquished.

Notes
Turn   | Place    | Note
-------+----------+-------------------------------------------
     0 | D:1      | qw the Gargoyle Hexslinger began the quest for the Orb.
     0 | D:1      | Reached XP level 1. HP: 12/12 MP: 2/2
     0 | D:1      | 0 ||| qw: Version: 0.3-a-46-gb1f654a
     0 | D:1      | 0 ||| qw: Game counter: 2344
     0 | D:1      | 0 ||| qw: Melee chars always use a shield: true
     0 | D:1      | 0 ||| qw: God list: Okawaru
     0 | D:1      | 0 ||| qw: Allow faded altars: false
     0 | D:1      | 0 ||| qw: Do Orc after clearing Dungeon:15 true
     0 | D:1      | 0 ||| qw: Do second Lair branch before Depths: true
     0 | D:1      | 0 ||| qw: Lair rune preference: random
     0 | D:1      | 0 ||| qw: Goals: Normal
     0 | D:1      | 0 ||| PLANNING D:1-11
    45 | D:1      | Reached XP level 2. HP: 16/16 MP: 3/3
    71 | D:1      | 71 ||| READING scroll labelled RUT UDELLE.
    72 | D:1      | 72 ||| DROPPING scroll of poison.
   271 | D:1      | Reached skill level 3 in Ranged Weapons
   429 | D:1      | Reached XP level 3. HP: 21/21 MP: 4/4
   858 | D:1      | 858 ||| UPGRADING to +0 leather armour.
   868 | D:1      | 868 ||| DROPPING +0 robe.
   869 | D:1      | 869 ||| READING scroll labelled EVAAVAFUMP.
   870 | D:1      | 870 ||| READING scroll labelled ELAWNE ZEAFO.
   871 | D:1      | 871 ||| READING scroll labelled IGONUHOGIS.
   872 | D:1      | 872 ||| READING scroll labelled XAIC OGAASEU.
   873 | D:1      | 873 ||| READING scroll labelled HEQEIRO MOZOF.
   891 | D:1      | 891 ||| DRINKING 3 fuming blue potions.
   892 | D:1      | 892 ||| DROPPING 2 potions of attraction.
   912 | D:2      | Found a burning altar of Makhleb.
   991 | D:2      | Found a runed translucent door.
   992 | D:2      | Noticed Crazy Yiuf
  1058 | D:2      | Noticed Terence
  1067 | D:2      | Slain by Terence

Levels and vault maps discovered:
D:1:      saegor_arrival_simple_a, layout_basic, serial_corexii_hall,
          chequers_hall_statues_corner_a, corexii_hall_statues_u,
          nicolae_the_louvre
D:2:      layout_loops_ring, basic_altar, uniq_terence, uniq_crazy_yiuf_cottage

Skill      XL: |  1  2 |
---------------+-------+-----
Ranged Weapons | 3 |  3.7
Fighting       | 2 |  2.0
Dodging        | |  1.5
Spellcasting   | |  1.0
Hexes          | |  2.6

Action                     || total
---------------------------++-------
   Fire: Sling             ||   150
    Use: Scroll            ||     6
         Potion            ||     1
 Armour: Robe              ||    32
         Leather armour    ||     9
  Dodge: Dodged            ||    62

Table legend:
 A = Non-vault XP
 B = Vault XP
 C = Vault XP percentage of total XP
 D = Non-vault monster count
 E = Vault monster count
 F = Vault count percentage of total count
                 A         B        C        D         E       F
            +---------+---------+-------+---------+---------+-------
      Total |      74 |       0 |   0.0 |      40 |       0 |   0.0
            +---------+---------+-------+---------+---------+-------
        D:1 |      57 |       0 |   0.0 |      32 |       0 |   0.0
        D:2 |      17 |       0 |   0.0 |       8 |       0 |   0.0
            +---------+---------+-------+---------+---------+-------
